 Dungeon Crawl Stone Soup version 0.31-a0-4-gefa6de2278 (webtiles) character file.

Game seed: 4430613076599482596

114 Elsrick the Magician (level 4, -8/21 HPs)
             Began as a Spriggan Venom Mage on May 5, 2023.
             Killed from afar by an orc wizard (10 damage)
             ... with a magic dart
             ... on level 3 of the Dungeon.
             The game lasted 00:13:32 (2903 turns).

Elsrick the Magician (Spriggan Venom Mage)          Turns: 2903, Time: 00:13:33

Health: -8/21      AC:  2    Str:  4    XL:     4   Next: 67%
Magic:  10/11      EV: 17    Int: 18    God:
Gold:   50         SH:  0    Dex: 15    Spells: 10/11 levels left

rFire   . . .        c - +0 spear
rCold   . . .        (no shield)
rNeg    . . .        a - +0 robe
rPois   +            (helmet restricted)
rElec   .            n - scarf {harm}
rCorr   .            (gloves unavailable)
SInv    +            (boots unavailable)
Will    .....        (no amulet)
Stlth   ++           o - ring of poison resistance
HPRegen 0.23/turn    (no ring)
MPRegen 0.12/turn

%: harm (+30% outgoing, +20% incoming)
@: very quick
A: very small, no large weapons, unfitting armour, see invisible, speed 3
a: no special abilities


You were on level 3 of the Dungeon.
You visited 1 branch of the dungeon, and saw 4 of its levels.

You collected 50 gold pieces.

Inventory:

Hand Weapons
 c - a +0 spear (weapon)
Armour
 a - a +0 robe (worn)
 n - a scarf of harm (worn)
Jewellery
 o - a ring of poison resistance (left hand)
Scrolls
 f - a scroll of brand weapon {unknown}
 g - a scroll of poison {unknown}
 h - a scroll of identify {unknown}
 p - a scroll of torment {unknown}
Potions
 b - a potion of magic
 d - 5 potions of curing {unknown}
 e - a potion of berserk rage {unknown}
 i - a potion of heal wounds {unknown}
 j - 3 potions of brilliance {unknown}
 k - a potion of haste {unknown}
 l - a potion of might {unknown}
 m - 2 potions of degeneration {unknown}
 q - a potion of mutation {unknown}


   Skills:
 + Level 0.3 Polearms
 + Level 3.0 Dodging
 + Level 3.4 Stealth
 + Level 4.3 Spellcasting
 + Level 2.5 Transmutations
 + Level 3.9 Poison Magic


You had 10 spell levels left.
You knew the following spells:

 Your Spells              Type           Power      Damage    Failure   Level
a - Sting                 Tmut/Pois      60%        1d6       3%          1

Your spell library contained the following spells:

 Spells                   Type           Power      Damage    Failure   Level
 Poisonous Vapours        Pois/Air       20%        N/A       10%         2
 Spider Form              Tmut/Pois      15%        N/A       12%         3
 Ensorcelled Hibernation  Hex/Ice        6%         N/A       22%         2
 Mephitic Cloud           Conj/Pois/Air  8%         N/A       26%         3
 Olgreb's Toxic Radiance  Pois           18%        N/A       28%         4
 Anguish                  Hex/Necr       1%         N/A       82%         4
 Summon Forest            Summ/Tloc      1%         N/A       99%         5
 Eringya's Noxious Bog    Tmut/Pois      7%         N/A       99%         6
 Summon Hydra             Summ           1%         N/A       100%        7


Dungeon Overview and Level Annotations

Branches:
Dungeon (4/15)
 Temple: D:4-7

Altars:

Shops:
D:1 ?


Innate Abilities, Weirdness & Mutations

You are very small and have problems with some larger weapons.
You are too small for most types of armour.
You have supernaturally acute eyesight. (SInv)
You cover ground extremely quickly. (Speed+++)


Message History

Press: ? - help, Shift-Dir - straight line, f - orc wizard
Aim: an orc wizard, wielding a +0 dagger and wearing a +0 robe (67% to hit)
The sting hits the orc wizard but does no damage.
The orc wizard is poisoned.
You reach to attack!
You closely miss the orc wizard.
The orc wizard is lightly wounded.
You completely miss the orc wizard.
The orc wizard is lightly wounded.
The orc wizard points at you and mumbles some strange words.
You are confused.
The orc shouts!
You bump into the stone wall.
The orc wizard hits you with a +0 dagger.
You bump into the rock wall.
The orc wizard hits you with a +0 dagger.
You're too confused to cast spells.
Sorry, you're not good enough to have a special ability.
You're too confused to cast spells.
Sorry, you're not good enough to have a special ability.
Items here: ( ) [ †.
You bump into the rock wall.
The orc wizard hits you with a +0 dagger.
You barely miss the orc wizard.
The orc wizard is moderately wounded.
The orc wizard looks more healthy.
The orc wizard casts a spell at you. The puff of flame hits you.
* * * LOW HITPOINT WARNING * * *
You're too confused to move!
The orc wizard hits you with a +0 dagger.
* * * LOW HITPOINT WARNING * * *
You bump into the rock wall.
You feel less confused.
The orc wizard hits you with a +0 dagger.
* * * LOW HITPOINT WARNING * * *
You barely miss the orc wizard.
The orc wizard is moderately wounded.
The orc wizard casts a spell at you. The magic dart hits you!
You die...

#..#o#.# #.............#
#....#.#######....#.##.....#
#.#.#.#.........#.##.....#
#.#†#.########.........##
#.#.#.#.# #.########## #.#.#.#.##
#.# #...... #.#.#.#.#.#
#.####......
#.#.#.#.#.########....'......
#.#.#.#.#.#oo@...##.####......
.#.#.#.#.#o####..##.####......
.#.#.#.#.#.# #.........#......
.#.#.#.#.#.#.###.........#......
#.#.#.#.#.#.#....#.#.....#......
#.#.#.#.#.#.#####.#.....#......
#.#.#.#.#.#.#.####.#.....#......
#.#.#.#.#.#.#.#...#.....#.#####..
.#.#.#.#.#.#.#..#.#.#........##.#


You could see an orc wizard and 2 orcs.

Vanquished Creatures
  4 adders
  7 dart slugs
  An orc (D:3)
  6 ball pythons
  3 endoplasms
  4 giant cockroaches
  3 goblins
  8 hobgoblins
  3 quokkas
  5 bats
  5 frilled lizards
  9 kobolds
  4 rats
62 creatures vanquished.

Notes
Turn   | Place    | Note
-------+----------+-------------------------------------------
     0 | D:1      | Elsrick the Spriggan Venom Mage began the quest for the
                  | Orb.
     0 | D:1      | Reached XP level 1. HP: 9/9 MP: 5/5
    73 | D:1      | Reached skill level 3 in Spellcasting
   241 | D:1      | Reached XP level 2. HP: 8/13 MP: 5/7
   457 | D:1      | Found Udwomp's Magic Scroll Boutique.
   929 | D:1      | Reached XP level 3. HP: 16/16 MP: 7/9
  1625 | D:2      | Reached XP level 4. HP: 7/21 MP: 10/10
  2110 | D:2      | Reached skill level 4 in Spellcasting
  2154 | D:2      | You fall into a shaft and drop 2 floors!
  2903 | D:3      | Killed from afar by an orc wizard

Illustrated notes

Levels and vault maps discovered:
D:1:      evilmike_arrival_plus, layout_basic, serial_shops, shop
D:2:      layout_basic
D:3:      layout_basic
D:4:      layout_loops_ring, minmay_temple_entry_mist, uniq_pikel,
          uniq_crazy_yiuf_cottage, uniq_ijyb

Skill      XL: |  1  2  3  4 |
---------------+-------------+-----
Spellcasting   | 3 4 |  4.3
Transmutations | 2 |  2.5
Dodging        | 3 |  3.0
Polearms       | |  0.3
Stealth        | |  3.4
Poison Magic   | |  3.9

Action                     |  1- 3 |  4- 6 || total
---------------------------+-------+-------++-------
  Melee: Spear             |    74 |    44 ||   118
   Cast: Sting             |    46 |    27 ||    73
 Armour: Robe              |     8 |     1 ||     9
  Dodge: Dodged            |    59 |    38 ||    97

Table legend: (Time is in decaauts)
 A = Elapsed time spent in this place.
 B = Non-inter-level travel time spent in this place.
 C = Inter-level travel time spent in this place.
 D = Time resting spent in this place.
 E = Time spent auto-exploring this place.
 F = Levels seen in this place.
 G = Mean time per level.
                   A        B        C        D        E       F      G
               +--------+--------+--------+--------+--------+-----+--------+
         Total |   2172 |   2106 |     66 |    619 |    810 |   4 |  543.0 |
       Dungeon |   2172 |   2106 |     66 |    619 |    810 |   4 |  543.0 |
               +--------+--------+--------+--------+--------+-----+--------+

Top non-repeatable levels by time:
     D:2: 962 daAuts
     D:1: 783 daAuts
     D:3: 354 daAuts
     D:4: 72 daAuts
